Map: 16-Bit LE

Players

Roma

  • Race: Terran Terran
  • League: Diamond
  • Spawn Location: 7:00

LaFantome - Winner!

  • Race: Zerg Zerg
  • League: Diamond
  • Spawn Location: 1:00

VOD

Have the link to the VOD?

Description

Time

  • Played on: June 21, 2018, 11:11 a.m.
  • Length: 21:30
Show
View Real Time Build Order
Export as new Build Order

Roma Terran 

Build Orders: Reaper Expand, MMM Bio 

Get SALT Encoding   

  12  0:01  SCV  
  13  0:14  Supply Depot  
  13  0:18  SCV  
  14  0:30  SCV  
  15  0:36  Barracks  
  15  0:43  Refinery  
  15  0:47  SCV  
  16  0:59  SCV  
  17  1:11  SCV  
  18  1:23  Orbital Command  
  19  1:25  Reaper  
  19  1:45  Command Center  
  19  1:49  SCV  
  20  1:57  Barracks Reactor  
  20  2:01  SCV  
  21  2:06  Barracks  
  21  2:13  SCV  
  22  2:17  Supply Depot  
  22  2:25  SCV  
  23  2:30  Factory  
  23  2:39  SCV, Marine x2  
  23  2:43  Refinery  
  26  2:51  SCV  
  26  2:52  Barracks Tech Lab  
  26  2:57  Orbital Command  
  27  3:03  Marine x2  
  29  3:15  Stimpack, SCV  
  30  3:20  Marine  
  30  3:26  Starport  
  31  3:27  Marine  
  31  3:28  Marine  
  31  3:32  SCV  
  34  3:34  Factory Reactor  
  34  3:38  SCV  
  34  3:40  Marine  
  36  3:44  SCV  
  37  3:50  SCV  
  38  3:56  SCV  
  38  4:01  Marine x3  
  43  4:02  SCV  
  43  4:08  SCV  
  43  4:14  SCV  
  44  4:17  Medivac  
  46  4:27  Supply Depot  
  46  4:33  Marine x3, Medivac  
  46  4:34  SCV x2  
  53  4:46  SCV  
  53  4:49  SCV  
  53  4:51  Marine x3, Factory Tech Lab  
  58  4:57  Command Center  
  58  4:58  SCV  
  59  5:01  SCV  
  59  5:05  Supply Depot  
  59  5:06  Supply Depot  
  60  5:09  Marine x2  
  62  5:27  SCV x2, Marine x3  
  67  5:38  Siege Tank, Medivac  
  67  5:39  SCV x2  
  74  5:43  Engineering Bay  
  74  5:44  Marine  
  74  5:45  Engineering Bay, Marine x2  
  74  5:46  Refinery  
  74  5:48  Refinery  
  77  5:51  SCV  
  77  5:54  Combat Shield  
  78  6:02  Supply Depot  
  78  6:04  Supply Depot  
  78  6:09  Marine x2, Barracks, SCV x2  
  82  6:21  SCV x2  
  78  6:25  Orbital Command  
  78  6:29  Terran Infantry Weapons Level 1, Terran Infantry Armor Level 1, Marine x2  
  80  6:33  Siege Tank, SCV x2, Marine  
  80  6:36  Supply Depot  
  80  6:39  Supply Depot  
  86  6:45  SCV x2  
  88  6:50  Marine x2  
  88  6:52  Medivac  
  92  6:57  SCV x2  
  92  6:58  Barracks  
  92  7:00  Barracks  
  94  7:03  Marine, Barracks Reactor  
  94  7:07  Marine  
  96  7:10  SCV x2  
  96  7:11  Marine  
  96  7:12  SCV  
  100  7:21  Marine  
  100  7:22  Bunker, SCV x2  
  103  7:24  Supply Depot x2, SCV  
  103  7:25  Marine  
  103  7:26  Widow Mine  
  103  7:29  Marine  
  108  7:34  SCV x2  
  108  7:36  SCV  
  111  7:39  Marine  
  111  7:40  Marine  
  111  7:41  Marine  
  111  7:43  Marine  
  115  7:46  SCV x2  
  115  7:47  Marine  
  115  7:48  Widow Mine, SCV  
  121  7:57  Marine  
  121  7:58  SCV x2  
  117  8:01  Marine x2  
  117  8:02  Marine x3  
  117  8:05  Marine  
  106  8:12  Siege Tank, Medivac  
  101  8:13  Medivac  
  101  8:15  Marauder, Refinery  
  101  8:16  Refinery  
  101  8:19  Supply Depot, Marine x2  
  109  8:20  Marine x3  
  109  8:23  Marine  
  109  8:24  Supply Depot  
  109  8:25  Liberator  
  113  8:28  Concussive Shells  
  113  8:29  Armory  
  113  8:30  SCV x2  
  115  8:34  Supply Depot  
  115  8:35  Supply Depot  
  115  8:36  Marine  
  115  8:37  Marauder, Marine x2  
  115  8:40  Barracks Tech Lab, Barracks Reactor  
  115  8:41  Marine  
  121  8:42  Supply Depot  
  124  8:54  Marine x2  
  126  8:55  Marine  
  126  8:57  Liberator  
  126  8:58  Marauder, SCV x2, Marine  
  126  9:00  Supply Depot, Marine  
  133  9:03  Supply Depot  
  133  9:12  Marine x2  
  133  9:13  Marine  
  133  9:14  Siege Tank  
  133  9:16  Marine x3  
  145  9:17  Terran Infantry Armor Level 2  
  145  9:18  Marine  
  145  9:19  Marauder  
  145  9:21  Command Center  
  145  9:22  SCV x2  
  150  9:29  SCV  
  150  9:30  Marine x2  
  150  9:31  Marine  
  153  9:32  Liberator  
  153  9:34  SCV, Marine x3  
  153  9:36  Marauder  
  160  9:40  Liberator  
  160  9:41  Marauder  
  162  9:48  Marine x2  
  162  9:49  Siege Tank, Marine  
  162  9:52  Marine x2  
  173  9:54  Marine  
  173  9:58  Marauder  
  179  10:02  Marauder  
  179  10:06  Marine x2  
  179  10:07  Marine  
  183  10:10  Marine x2  
  183  10:11  Marine  
  187  10:19  Marauder, Supply Depot  
  187  10:21  Supply Depot  
  187  10:23  Marine x2  
  187  10:24  Marauder, Marine  
  187  10:26  Terran Infantry Weapons Level 2  
  187  10:27  Marine x2, Terran Ship Weapons Level 1  
  179  10:29  Marine  
  179  10:33  Planetary Fortress  
  180  10:38  Missile Turret  
  180  10:41  Marauder, Marine x2  
  180  10:42  Missile Turret, Marine  
  185  10:45  Marauder, Marine x2  
  185  10:49  Marine  
  190  10:59  Marine  
  190  11:02  Marauder  
  193  11:04  Barracks  
  193  11:06  Marauder  
  193  11:09  Barracks x2  
  195  11:11  Starport  
  195  11:12  Ghost Academy  
  195  11:13  Fusion Core  
  195  11:23  Marauder  
  197  11:28  Marauder  
  182  11:36  Marine x2  
  182  11:37  Marine x3  
  164  11:41  Marine  
  164  11:42  Siege Tank  
  164  11:45  Marauder  
  167  11:49  Marauder  
  169  11:54  Marine x2  
  169  11:55  Marine x3  
  169  11:59  Refinery x2, Marine  
  175  12:06  Marauder  
  175  12:08  Command Center  
  175  12:11  Marauder  
  175  12:12  Marine x3  
  175  12:15  Liberator x2  
  160  12:28  Marauder  
  162  12:30  Marine x4  
  162  12:31  Siege Tank  
  162  12:32  Marauder  
  176  12:44  Terran Infantry Armor Level 3, Terran Infantry Weapons Level 3  
  176  12:45  Command Center  
  176  12:46  Barracks Reactor  
  176  12:47  Barracks Tech Lab, Barracks Reactor  
  176  12:49  Marauder  
  178  12:51  Terran Ship Weapons Level 2  
  178  12:53  Marauder, Starport Tech Lab  
  178  12:54  Factory  
  178  12:55  Marine x2  
  178  12:56  Marine  
  178  12:58  Liberator x2  
  183  12:59  Marine x3  
  183  13:04  Siege Tank  
  189  13:10  Marauder  
  189  13:11  Marine  
  174  13:13  Marine x2  
  174  13:15  Marauder  
  174  13:17  Marine x3  
  174  13:18  Medivac  
  189  13:25  Personal Cloaking  
  189  13:27  Marine  
  189  13:28  Marine x2  
  189  13:30  Marauder  
  189  13:32  Marauder, Marine  
  197  13:36  Siege Tank  
  196  14:04  Liberator x2  
  173  14:14  Marine x2  
  173  14:15  Marauder x2, Marine  
  141  14:19  Marauder, Marine x5  
  141  14:20  Siege Tank, Marine  
  139  14:33  Marine x3  
  139  14:34  SCV x2  
  139  14:36  Marauder x2  
  148  14:41  Marauder  
  148  14:42  Marine x2  
  148  14:43  Marine x5  
  148  14:45  Factory Tech Lab  
  157  14:51  Nuke, Marine x3  
  152  14:52  Siege Tank  
  152  14:58  Marauder x2, Advanced Ballistics  
  152  14:59  Marine  
  153  15:00  Marine  
  153  15:02  Marauder  
  157  15:10  Sensor Tower, Marine x2  
  157  15:11  Marine x4  
  157  15:12  Marine  
  164  15:15  Terran Ship Weapons Level 3  
  164  15:19  Marauder x2, Marine x2  
  170  15:21  Hi-Sec Auto Tracking, Structure Armor  
  170  15:24  Marauder  
  170  15:26  Medivac  
  170  15:27  Medivac x2  
  178  15:32  Planetary Fortress  
  178  15:37  Marine x4  
  178  15:39  Siege Tank  
  178  15:40  Marauder  
  178  15:41  Marauder  
  189  15:45  Marauder  
  191  15:58  Refinery x2  
  191  16:01  Ghost x2  
  195  16:06  Marauder  
  195  16:09  Sensor Tower  
  197  16:11  Viking  
  197  16:17  High Capacity Fuel Tanks  
  199  16:25  Liberator x2  
  173  16:28  Marauder  
  173  16:29  Ghost  
  173  16:32  Marine x2  
  148  16:33  Marauder, Marine  
  148  16:36  Marine x4  
  148  16:39  Marine x2  
  125  16:40  Marine  
  125  16:41  Siege Tank  
  135  16:49  Marauder  
  135  16:50  Marine x3  
  135  16:53  Marine  
  135  16:54  Marauder, Marine  
  142  16:59  Marauder  
  142  17:01  Marine x4  
  128  17:02  Marine  
  128  17:08  Marine x3  
  132  17:09  Medivac  
  132  17:10  Marauder  
  132  17:11  Marine  
  138  17:16  Marauder  
  138  17:20  Marauder  
  138  17:22  Liberator  
  142  17:25  Medivac x2  
  146  17:32  Marauder, Marine x2  
  146  17:33  Marine x3  
  153  17:37  Marauder  
  153  17:38  Liberator x2  
  153  17:42  Marauder  
  153  17:43  Orbital Command  
  160  17:53  Marauder  
  170  17:58  Marauder  
  170  17:59  Marine x3  
  170  18:00  Marine  
  170  18:01  Siege Tank  
  170  18:03  Marauder  
  170  18:05  Liberator  
  173  18:14  SCV  
  173  18:15  Marauder, SCV x3  
  179  18:20  Liberator  
  179  18:27  SCV x3  
  178  18:38  Medivac  
  158  18:43  Marine  
  158  18:44  Marauder x2, Marine  
  158  18:47  Marine  
  158  18:48  Marauder, Marine x3  
  159  18:53  Marine x3  
  163  19:04  Medivac  
  163  19:05  Marauder x2, Marine x2  
  163  19:08  Medivac  
  175  19:10  Marauder  
  175  19:12  Marine  
  175  19:13  Marine x2  
  175  19:14  Marine  
  169  19:27  Marauder x2  
  148  19:45  Viking x2  
  148  19:46  Marine x2, Viking  
Show
View Real Time Build Order
Export as new Build Order

LaFantome Zerg - Winner!

Build Orders: Hatch First 

Get SALT Encoding   

  12  0:01  Drone  
  13  0:12  Overlord  
  13  0:17  Drone  
  14  0:30  Drone  
  14  0:31  Drone  
  14  0:34  Drone  
  17  0:53  Hatchery  
  17  0:55  Drone  
  17  0:59  Drone  
  18  1:09  Extractor  
  17  1:15  Spawning Pool  
  17  1:17  Drone  
  17  1:20  Drone  
  18  1:28  Drone  
  19  1:39  Overlord  
  19  1:51  Drone  
  20  2:01  Zergling x2  
  20  2:05  Queen x2  
  20  2:06  Zergling x2  
  26  2:10  Metabolic Boost  
  26  2:12  Drone  
  27  2:21  Drone  
  28  2:33  Drone  
  28  2:34  Drone x2  
  31  2:40  Overlord  
  31  2:50  Drone x2  
  33  2:55  Hatchery  
  32  3:09  Queen  
  34  3:16  Drone x8  
  34  3:19  Overlord  
  42  3:40  Roach Warren  
  41  3:41  Zergling x2  
  41  3:42  Zergling x10  
  47  4:09  Drone  
  50  4:10  Drone x5  
  50  4:11  Extractor  
  50  4:31  Queen  
  50  4:32  Queen x2  
  50  4:33  Zergling x4  
  50  4:35  Overlord  
  58  4:39  Overlord  
  58  4:40  Overlord  
  58  4:45  Evolution Chamber  
  57  4:46  Drone, Evolution Chamber  
  57  4:47  Drone  
  57  4:49  Extractor  
  57  4:50  Drone  
  59  4:56  Zergling x8  
  59  4:57  Zergling x12  
  68  5:07  Zergling x8  
  68  5:08  Zergling x4  
  68  5:13  Zerg Melee Weapons Level 1  
  68  5:14  Zerg Ground Armor Level 1  
  74  5:15  Lair  
  73  5:39  Drone  
  73  5:41  Overlord x4  
  74  6:05  Drone  
  74  6:06  Drone x9  
  80  6:36  Hydralisk Den, Drone x10  
  80  6:37  Baneling Nest  
  88  6:40  Spore Crawler  
  88  6:41  Spore Crawler  
  88  6:42  Spore Crawler  
  88  6:43  Spore Crawler  
  88  6:44  Drone x10  
  88  6:46  Extractor  
  93  6:49  Extractor  
  93  6:50  Overlord x2  
  93  6:51  Extractor  
  91  7:03  Hatchery  
  91  7:06  Grooved Spines  
  90  7:08  Zerg Melee Weapons Level 2  
  90  7:14  Extractor  
  90  7:15  Drone x2  
  90  7:18  Zerg Ground Armor Level 2  
  90  7:22  Baneling x2  
  91  7:27  Drone x7  
  98  7:35  Baneling  
  98  7:36  Baneling x6  
  97  7:37  Zergling x2  
  97  7:38  Zergling x20  
  108  7:47  Zergling x2  
  95  8:18  Muscular Augments  
  95  8:21  Drone  
  95  8:22  Drone x7  
  95  8:25  Extractor  
  102  8:27  Centrifical Hooks, Extractor  
  102  8:28  Hydralisk x5  
  102  8:29  Hydralisk x6  
  122  8:53  Hydralisk  
  122  8:54  Hydralisk  
  126  8:56  Overlord x7  
  126  9:03  Infestation Pit  
  124  9:40  Hive  
  124  9:41  Hydralisk x10  
  124  9:42  Hydralisk  
  124  9:43  Zergling x2  
  124  9:44  Zergling x24  
  159  9:46  Baneling  
  159  9:47  Baneling x5  
  152  10:38  Hydralisk  
  152  10:39  Hydralisk x8  
  152  10:40  Overlord x2  
  152  10:41  Overlord x3  
  152  10:42  Zergling x12  
  176  10:48  Spore Crawler  
  176  10:49  Spine Crawler  
  174  10:52  Spore Crawler  
  174  10:53  Spore Crawler, Spine Crawler  
  174  10:57  Zerg Ground Armor Level 3, Adrenal Glands, Zerg Melee Weapons Level 3  
  171  10:58  Ultralisk Cavern  
  170  11:06  Baneling  
  170  11:07  Baneling x16  
  170  11:08  Baneling x3  
  152  11:38  Hydralisk x8  
  152  11:39  Hydralisk x6  
  148  11:42  Zergling x4  
  148  11:43  Zergling x16  
  156  11:51  Chitinous Plating  
  153  11:54  Zergling x2  
  153  11:55  Zergling x22  
  153  11:59  Hatchery  
  143  12:37  Ultralisk x2  
  143  12:38  Spire, Ultralisk  
  143  12:41  Baneling  
  143  12:42  Baneling x6  
  160  12:47  Extractor  
  160  12:48  Extractor  
  158  13:01  Hatchery  
  126  13:21  Zergling x20  
  134  13:36  Baneling x12  
  134  13:37  Baneling x5  
  134  13:39  Hydralisk x5  
  144  13:47  Drone x3  
  147  13:49  Drone  
  105  14:26  Zergling x8  
  105  14:27  Zergling x16  
  109  14:53  Ultralisk  
  109  14:54  Ultralisk x3  
  109  14:56  Drone x4  
  109  14:58  Drone x3  
  140  15:11  Ultralisk x4  
  140  15:12  Corruptor  
  166  15:15  Drone  
  166  15:16  Drone x2  
  169  15:23  Extractor  
  169  15:26  Corruptor  
  169  15:27  Corruptor x2  
  174  15:29  Baneling  
  174  15:30  Baneling x4  
  174  15:31  Baneling  
  174  15:32  Baneling x2  
  174  15:33  Baneling x2  
  174  15:34  Baneling  
  174  15:35  Baneling x2  
  174  15:45  Overseer  
  174  15:46  Overseer  
  174  15:49  Corruptor x3  
  178  15:54  Drone x4  
  146  16:43  Zergling x2  
  146  16:44  Zergling x20  
  146  16:45  Hydralisk  
  146  16:46  Hydralisk x7  
  173  16:48  Zergling x2  
  173  16:49  Zergling x18  
  138  17:08  Zergling x2  
  138  17:09  Zergling x12  
  138  17:10  Baneling x5  
  138  17:11  Baneling x18  
  138  17:12  Baneling  
  138  17:13  Baneling x18  
  138  17:14  Overseer x5  
  144  17:17  Pneumatized Carapace  
  144  17:25  Greater Spire  
  144  17:55  Extractor  
  143  18:00  Hatchery x2  
  136  18:13  Zergling x28  
  136  18:14  Zergling x14  
  136  18:16  Hydralisk  
  136  18:17  Hydralisk x8  
  142  18:59  Baneling x16  
  142  19:00  Baneling x14  
  142  19:01  Zergling x6  
  142  19:02  Zergling x10  
  148  19:04  Brood Lord x6  
  148  19:05  Brood Lord  
  153  19:17  Zergling x6  
  153  19:18  Zergling x30  
  145  19:52  Zergling x2  
  146  19:53  Zergling x30  
  156  20:03  Corruptor x2  
  156  20:07  Corruptor  
  156  20:08  Corruptor x6  
  156  20:34  Baneling  
  156  20:35  Baneling x28  
  156  20:36  Baneling x7  
Tags
 
Add a new tag
Caveats
  • Supply blocks, unpowered buildings, or Contaminate may cause inaccurate times.
  • Supply counts are checked every 10 seconds.